 Dungeon Sprint DCSS version 0.30.1-11-g7821555f0a (webtiles) character file.

Game seed: 8309479076117794398

5534 Groucho the Unseen (level 10, -5/51 HPs)
             Began as a Spriggan Enchanter on Dec 19, 2023.
             Was a High Priest of Dithmenos.
             Slain by a crystal guardian (34 damage)
             ... in the Dungeon (Sprint II: "The Violet Keep of Menkaure") on Dec 20, 2023.
             The game lasted 00:11:30 (1072 turns).

Groucho the Unseen (Spriggan Enchanter)             Turns: 1072, Time: 00:11:31

Health: -5/51      AC:  2    Str:  4    XL:     10   Next: 43%
Magic:  12/18      EV: 18    Int: 21    God:    Dithmenos [*****.]
Gold:   333        SH: 11    Dex: 16    Spells: 2/19 levels left

rFire   . . .        a - +1 dagger
rCold   . . .        j - +0 buckler
rNeg    . . .        b - +0 robe
rPois   .            (helmet restricted)
rElec   .            (no cloak)
rCorr   .            (gloves unavailable)
SInv    +            (boots unavailable)
Will    +....        f - amulet of reflection
Stlth   +++++++++    (no ring)
HPRegen 0.28/turn    (no ring)
MPRegen 0.16/turn

%: no teleportation, reflection
@: wreathed by umbra, very quick
A: very small, no large weapons, unfitting armour, see invisible, speed 3
a: Renounce Religion, Shadow Step, Shadow Form


You were in the Dungeon.
You worshipped Dithmenos.
Dithmenos was extremely pleased with you.
You visited 1 branch You collected 1296 gold pieces.
You spent 963 gold pieces at shops.

Inventory:

Hand Weapons
 a - a +1 dagger (weapon)
Armour
 b - a +0 robe (worn)
 j - a +0 buckler (worn)
Jewellery
 f - an amulet of reflection (around neck)
Potions
 d - a potion of curing
 e - a potion of heal wounds
 g - 2 potions of magic
 h - a potion of berserk rage


   Skills:
 + Level 5.0 Fighting
 - Level 10.0 Short Blades
 - Level 5.0 Dodging
 - Level 15.0 Stealth
 + Level 5.6 Shields
 - Level 5.0 Spellcasting
 * Level 8.2 Conjurations
 - Level 14.0 Hexes
 * Level 9.9 Earth Magic


You had 2 spell levels left.
You knew the following spells:

 Your Spells              Type           Power      Damage    Failure   Level
a - Ensorcelled Hibernat  Hex/Ice        68%        N/A       1%          2
b - Confusing Touch       Hex            59%        N/A       1%          3
c - Dazzling Flash        Conj/Hex       100%       N/A       1%          3
d - Tukima's Dance        Hex            59%        N/A       1%          3
e - Iron Shot             Conj/Erth      21%        9d5       56%         6

Your spell library contained the following spells:

 Spells                   Type           Power      Damage    Failure   Level
 Passwall                 Tmut/Erth      21%        N/A       3%          2
 Lehudib's Crystal Spear  Conj/Erth      21%        10d6      100%        8


Dungeon Overview and Level Annotations

Branches:
Dungeon (1/1)

Altars:
Cheibriados
Dithmenos
Elyvilon
Fedhas
Gozag
Hepliaklqana
Kikubaaqudgha
Makhleb
Nemelex Xobeh
Okawaru
Qazlal
Ru
Sif Muna
Trog
Uskayaw
Vehumet
Wu Jian
Xom
Yredelemnul
Zin
The Shining One
Jiyva
Lugonu

Shops:
D *=:(![[?:(!(=*:

Annotations:
D exclusion: oklob plant


Innate Abilities, Weirdness & Mutations

You are very small and have problems with some larger weapons.
You are too small for most types of armour.
You have supernaturally acute eyesight. (SInv)
You cover ground extremely quickly. (Speed+++)


Message History

There is an open door here.
You enter the shallow water.
Moving in this stuff is going to be slow.
You open the door.
A hell rat comes into view.
Found a rapier.
Unknown command.
There is an open door here.
Unknown command.
The helpless hell rat fails to defend itself.
You perforate the hell rat like a sieve!!!!
You kill the hell rat!
Dithmenos accepts your kill.
You can now transform into a swirling mass of shadows.
Unknown command.
Unknown command.
You see here a +0 rapier.
There is an open door here.
You enter the shallow water.
Moving in this stuff is going to be slow.
There is an open door here.
There is an open door here.
There is a staircase leading out of the dungeon here.
There is an open door here.
There is an open door here.
Really walk into a travel-excluded area?
You enter the shallow water.
Moving in this stuff is going to be slow.
Blink to where?
Press: ? - help, Dir - move target
As you read the scroll of blinking, it crumbles to dust.
As you close the door, it creaks loudly!
Unknown command.
Unknown command.
The crystal guardian hits you!!
You see here a swamp drake skeleton.
Unknown command.
The crystal guardian hits you!!
Ouch! That really hurt!
You die...

##++## ≈ ##≈...### ≈S
#e≈^....###
++#+++#####^..^#!## .
....#..'....#@9#
##+##..#..####.#÷÷#
#.#.##.####..+.##.#
.###.#....#..#^..####
#.#.####..#####..##.# [!)
##'###.##..#..'.^#..#▓!$$$(
##.##...#..#..#.†#.†#▓$$?!?
'.<.'.##'..####..##)#▓)?!=?
##.####.#....###...##▓▓▓▓▓▓▓


You could see a crystal guardian.

Vanquished Creatures
  2 death drakes (D)
  3 manticores (D)
  A yaktaur (D)
  3 polar bears (D)
  A hornet (D)
  5 wyverns (D)
  3 yaks (D)
  4 neqoxecs (D)
  2 water moccasins (D)
  2 swamp drakes (D)
  4 scorpions (D)
  A hell rat (D)
  3 worms (D)
34 creatures vanquished.

Vanquished Creatures (others)
  Menkaure (D)
1 creature vanquished.

Grand Total: 35 creatures vanquished

Notes
Turn   | Place    | Note
-------+----------+-------------------------------------------
     0 | D        | Groucho the Spriggan Enchanter began the quest for the Orb.
     0 | D        | Reached XP level 1. HP: 9/9 MP: 5/5
     3 | D        | Noticed a wyvern
     3 | D        | Noticed a wyvern
    12 | D        | Reached skill level 5 in Stealth
    17 | D        | Noticed a scorpion
    17 | D        | Noticed a scorpion
    17 | D        | Noticed a scorpion
    17 | D        | Noticed a scorpion
    20 | D        | Killed a scorpion
    21 | D        | Reached skill level 6 in Stealth
    21 | D        | Reached skill level 5 in Hexes
    21 | D        | Reached XP level 2. HP: 9/16 MP: 6/8
    21 | D        | Reached XP level 3. HP: 11/19 MP: 6/9
    23 | D        | Killed a scorpion
    24 | D        | Reached skill level 5 in Short Blades
    24 | D        | Reached skill level 5 in Dodging
    24 | D        | Reached skill level 8 in Stealth
    24 | D        | Reached skill level 5 in Spellcasting
    24 | D        | Reached XP level 4. HP: 15/24 MP: 7/12
    25 | D        | Killed a scorpion
    26 | D        | Reached skill level 10 in Stealth
    26 | D        | Reached XP level 5. HP: 19/30 MP: 7/13
    29 | D        | Reached skill level 5 in Fighting
    29 | D        | Reached skill level 12 in Stealth
    41 | D        | Killed a wyvern
    42 | D        | Reached skill level 15 in Stealth
    42 | D        | Reached XP level 6. HP: 24/35 MP: 8/14
    44 | D        | Killed a wyvern
    45 | D        | Reached XP level 7. HP: 27/39 MP: 8/15
    57 | D        | Noticed a neqoxec
    57 | D        | Noticed a neqoxec
    57 | D        | Noticed a neqoxec
    57 | D        | Noticed a neqoxec
    59 | D        | Killed a neqoxec
    61 | D        | Killed a neqoxec
    65 | D        | Killed a neqoxec
    69 | D        | Killed a neqoxec
    70 | D        | Reached XP level 8. HP: 33/43 MP: 10/16
    78 | D        | Learned a level 2 spell: Ensorcelled Hibernation
    82 | D        | Learned a level 3 spell: Confusing Touch
    86 | D        | Learned a level 3 spell: Dazzling Flash
    90 | D        | Learned a level 3 spell: Tukima's Dance
    90 | D        | Found Ighenarph's Antique Weapon Emporium.
    90 | D        | Found Ajiediqu's Assorted Antiques.
    90 | D        | Found Ilakeru's Book Shoppe.
    90 | D        | Found Lademuil's Distillery.
    90 | D        | Found Reiton's Jewellery Shoppe.
    90 | D        | Found Cerin's Book Shoppe.
    91 | D        | Found Ramoci Unef's Antique Weapon Emporium.
    91 | D        | Found Ireru's Magic Scroll Shoppe.
    92 | D        | Found Ovvaplet's Antique Armour Shoppe.
    92 | D        | Found Coam's Antique Armour Emporium.
    92 | D        | Noticed a slime creature
    92 | D        | Noticed a slime creature
    94 | D        | Found Nusufem's Distillery.
    94 | D        | Found Qojaud's Antique Weapon Shoppe.
    94 | D        | Noticed a slime creature
    94 | D        | Noticed an oklob plant
    95 | D        | Found Esy Ere's Jewellery Shoppe.
    95 | D        | Found Cacwybbe's Book Shoppe.
    95 | D        | Found Bojyanuygg's Assorted Antiques.
    96 | D        | Noticed a cane toad
    97 | D        | Noticed a cane toad
   128 | D        | Killed Menkaure
   148 | D        | Bought an amulet of reflection for 390 gold pieces
   159 | D        | Bought a buckler for 117 gold pieces
   164 | D        | Bought the Anthology of Amathomancy for 456 gold pieces
   171 | D        | Learned a level 6 spell: Iron Shot
   178 | D        | Reached skill level 1 in Conjurations
   178 | D        | Reached skill level 1 in Earth Magic
   206 | D        | Found a glowing golden altar of the Shining One.
   206 | D        | Found an ornate altar of the Wu Jian Council.
   207 | D        | Found a shimmering altar of Xom.
   207 | D        | Found a sacrificial altar of Ru.
   208 | D        | Found a basalt altar of Yredelemnul.
   208 | D        | Found a shimmering blue altar of Sif Muna.
   209 | D        | Found a glowing silver altar of Zin.
   209 | D        | Found a bloodstained altar of Trog.
   209 | D        | Found an ancient bone altar of Kikubaaqudgha.
   209 | D        | Found a stormy altar of Qazlal.
   209 | D        | Found a viscous altar of Jiyva.
   210 | D        | Found a hide-covered altar of Uskayaw.
   210 | D        | Found a corrupted altar of Lugonu.
   210 | D        | Found a shadowy altar of Dithmenos.
   211 | D        | Found a radiant altar of Vehumet.
   211 | D        | Found a burning altar of Makhleb.
   211 | D        | Found a white marble altar of Elyvilon.
   212 | D        | Found a sparkling altar of Nemelex Xobeh.
   212 | D        | Found a blossoming altar of Fedhas.
   214 | D        | Found an iron altar of Okawaru.
   214 | D        | Found an opulent altar of Gozag.
   214 | D        | Found a hazy altar of Hepliaklqana.
   214 | D        | Found a snail-covered altar of Cheibriados.
   222 | D        | Became a worshipper of Dithmenos the Shadowed
   234 | D        | Reached skill level 1 in Shields
   242 | D        | Reached * piety under Dithmenos
   249 | D        | Noticed a manticore
   249 | D        | Noticed a manticore
   249 | D        | Noticed a manticore
   251 | D        | Killed a manticore
   252 | D        | Reached skill level 5 in Earth Magic
   252 | D        | Reached XP level 9. HP: 43/47 MP: 11/17
   253 | D        | Killed a manticore
   253 | D        | Reached ** piety under Dithmenos
   254 | D        | Reached skill level 5 in Conjurations
   254 | D        | Killed a manticore
   260 | D        | Noticed a deep elf master archer
   269 | D        | Reached *** piety under Dithmenos
   627 | D        | Noticed a death drake
   628 | D        | Noticed a death drake
   628 | D        | Noticed a crystal guardian
   963 | D        | Killed a death drake
   964 | D        | Reached XP level 10. HP: 51/51 MP: 13/18
   965 | D        | Killed a death drake
   966 | D        | Reached skill level 5 in Shields
   970 | D        | Reached **** piety under Dithmenos
   971 | D        | Reached skill level 10 in Short Blades
  1032 | D        | Reached ***** piety under Dithmenos
  1072 | D        | Slain by a crystal guardian

Illustrated notes

Levels and vault maps discovered:
D:        the_violet_keep_of_menkaure [sprint2_stairs_cluster_1,
          sprint2_shoproom, sprint2_temple, sprint2_basic_supplies,
          sprint2_obstacle_1, sprint2_obstacle_6, sprint2_obstacle_7,
          sprint2_obstacle_5, sprint2_obstacle_3, sprint2_timed_cluster_1,
          sprint2_smallroom_cluster_1, sprint2_smallroom_final_cluster_1,
          sprint2_transparent_cluster_1, sprint2_second_timed_cluster_1,
          sprint2_sniper_area_1, sprint2_heavy_combat_area_1,
          sprint2_mutation_trap_area_1, sprint2_forest_area_1,
          sprint2_light_combat_area_1, sprint2_behind_water_1,
          sprint2_near_end_vault_1]

Skill      XL: |  1  2  3  4  5  6  7  8  9 10 |
---------------+-------------------------------+-----
Dodging        | 4 5 |  5.0
Spellcasting   | 4 5 |  5.0
Short Blades   | 3 5 6 7 9 10 | 10.0
Stealth        | 6 8 10 15 | 15.0
Hexes          | 5 7 9 14 | 14.0
Fighting       | 2 3 4 5 |  5.0
Conjurations   | 4 6 8 |  8.2
Earth Magic    | 5 8 9 |  9.9
Shields        | 3 4 5 |  5.6

Action                     |  1- 3 |  4- 6 |  7- 9 | 10-12 || total
---------------------------+-------+-------+-------+-------++-------
  Melee: Dagger            |     6 |     5 |    25 |    11 ||    47
         Punch             |       |       |     1 |       ||     1
   Cast: Ensorcelled Hiber |       |       |     9 |     3 ||    12
         Confusing Touch   |       |       |       |     1 ||     1
 Invoke: Shadow Step       |       |       |       |     1 ||     1
    Use: Potion            |     2 |       |     1 |       ||     3
         Scroll            |       |       |       |     1 ||     1
   Stab: Sleeping          |     3 |     2 |    17 |     6 ||    28
         Invisible         |     1 |     2 |     2 |       ||     5
         Confused          |       |       |       |     1 ||     1
  Dodge: Dodged            |     3 |       |     2 |     5 ||    10
  Block: Other             |       |       |     2 |       ||     2
         Buckler           |       |       |       |     1 ||     1
